Thunder vs Little Stars (R1)

Created - February 23, 2020 at 20:54

Goals
1 2 3 T
Thunder 2 1 1 4
Little Stars 1 3 1 5
Shots
1 2 3 T
Thunder 8 7 21 36
Little Stars 15 14 12 41

1st period

1. Little Stars , Daniel O'regan 15 (Sebastian Wannstrom 18, Adam Tambellini 14) at 14:05
2. Thunder , Jordan Weal 3 (Jamie McGinn 16, David Wolf 19) at 18:31
3. Thunder , Jamie McGinn 19 (Peter Andersson 15, David Wolf 20) at 19:39

Penalties :
Colby Cave (TRO) for Roughing (Minor) at 4:38

2nd period

4. Little Stars , Jesse Joensuu 31 (Eric Knodel 11, Matt Murray) at 4:46 (PP)
5. Little Stars , Dana Tyrell 24 (Jesse Joensuu 41, Matt Murray) at 17:12 (PP)
6. Thunder , Jamie McGinn 20 (Austin Poganski 9, Jordan Weal 6) at 18:10
7. Little Stars , Dana Tyrell 25 (Eric Knodel 12, Jesse Joensuu 42) at 18:28

Penalties :
Joey Ryan (TRO) for Hooking (Minor) at 4:27, Vincent Dunn (TRO) for Hooking (Minor) at 12:26, Austin Poganski (TRO) for Hooking (Minor) at 16:58, Mikko Vainonen (TRO) for Roughing (Minor) at 18:33

3rd period

8. Little Stars , Radel Fazleev 1 (Emile Poirier 10, Daniil Tarasov 10) at 6:40
9. Thunder , Nikolay Prokhorkin 6 (Eric Fehr 43) at 18:28

Penalties :
Derek Forbort (TRO) for Roughing (Minor) at 4:28, David Wolf (TRO) for High sticking (Minor) at 7:55, Jesse Joensuu (Tex) for Hooking (Minor) at 19:47, Dany Roussin (TRO) for Hooking (Minor) at 19:52

Goalie Stats

Niklas Treutle (TRO), 36 saves from 41 shots - (0.878), L, 12-19-4, 59:14 minutes
Matt Murray (Tex), 32 saves from 36 shots - (0.889), W, 24-14-2, 60:00 minutes

Players Stats for Thunder

Player Name              G  A  P  +/- PIM S  H  SB GA TA FO     MP     PP MP  PK MP  
------------------------------------------------------------------------------------
Artur Gavrus             0  0  0   0  0   0  0  0  0  0  0/0     2:05   0:00   2:05 
Austin Poganski          0  1  1   3  2   0  0  0  0  0  0/0    11:21   0:00   0:00 
Austin Wuthrich          0  0  0  -1  0   1  0  0  1  0  0/1    14:16   0:00   0:00 
Colby Cave               0  0  0   0  2   0  0  0  0  0  0/0     2:31   0:00   0:00 
Dany Roussin             0  0  0  -1  2   4  2  0  1  1  1/1    22:17   0:04   5:39 
David Wolf               0  2  2  -2  2   4  2  1  1  1  1/1    18:21   0:00   3:17 
Derek Forbort            0  0  0  -1  2   0  0  2  0  1  0/0    17:24   0:00   3:09 
Emil Johansson           0  0  0   0  0   0  0  0  0  0  0/0     6:04   0:00   0:00 
Eric Fehr                0  1  1   0  0   7  1  1  2  2  7/12   25:59   0:05   5:03 
Gianluca Curcuruto       0  0  0   1  0   0  0  0  0  0  0/0     8:44   0:00   0:00 
Jamie McGinn             2  1  3   3  0   9  2  0  0  0  0/1    11:22   0:00   0:00 
Jarrod Maidens           0  0  0   0  0   0  0  0  0  0  0/0     0:00   0:00   0:00 
Jesper Pettersson        0  0  0   1  0   0  0  0  0  0  0/0    11:08   0:00   2:24 
Joey Ryan                0  0  0   0  2   1  1  3  0  0  0/0    26:15   0:05   5:35 
Jordan Weal              1  1  2   3  0   3  0  0  0  0  3/5    12:48   0:00   0:35 
Mackenze Stewart         0  0  0   0  0   0  0  0  0  0  0/0     6:04   0:00   0:00 
Michael Schumacher       0  0  0   0  0   0  0  0  0  0  0/0     0:23   0:00   0:08 
Mikko Vainonen           0  0  0   0  2   0  0  0  0  0  0/0    18:07   0:00   3:54 
Nikolay Prokhorkin       1  0  1   1  0   1  0  0  0  1  0/0     7:12   0:00   0:59 
Peter Andersson          0  1  1   0  0   1  2  0  0  3  0/0    26:35   0:05   5:54 
Vincent Dunn             0  0  0   1  2   1  3  0  0  0  3/4     5:53   0:00   0:00 
William Karlsson         0  0  0  -2  0   4  3  0  0  0  14/30  19:57   0:05   3:10 
Zach Stepan              0  0  0  -1  0   0  0  0  1  0  1/8    14:31   0:00   0:00 

Players Stats for Little Stars

Player Name              G  A  P  +/- PIM S  H  SB GA TA FO     MP     PP MP  PK MP  
------------------------------------------------------------------------------------
Adam Tambellini          0  1  1   1  0   2  1  0  0  0  0/0    17:56   5:24   0:00 
Anton Cederholm          0  0  0  -2  0   0  1  2  1  0  0/0    20:30   5:18   0:00 
Dana Tyrell              2  0  2  -1  0   4  6  0  1  0  22/45  22:23   4:55   0:05 
Daniel O'regan           1  0  1   1  0   6  2  0  3  0  4/7    17:56   5:24   0:00 
Daniil Tarasov           0  1  1  -2  0   0  0  0  1  0  0/0    11:24   0:00   0:05 
Emile Poirier            0  1  1   1  0   2  0  0  0  1  0/0     8:30   0:17   0:00 
Eric Knodel              0  2  2   1  0   2  2  2  0  2  0/0    27:19   5:10   0:05 
Jason Dickinson          0  0  0  -2  0   0  2  0  0  0  3/6    11:19   0:00   0:00 
Jesse Joensuu            1  2  3  -1  2   6  2  0  1  1  3/3    22:02   4:47   0:00 
Justin Auger             0  0  0   1  0   2  0  0  0  1  0/0     8:22   0:09   0:00 
Michael Mersch           0  0  0  -2  0   1  2  1  1  0  0/0    11:56   0:17   0:00 
Radel Fazleev            1  0  1   1  0   5  0  0  0  0  1/1     8:00   0:00   0:00 
Reece Willcox            0  0  0  -2  0   2  0  1  0  0  0/0    20:30   5:18   0:00 
Sebastian Wannstrom      0  1  1   1  0   2  1  1  0  0  0/0    17:56   5:24   0:00 
Tucker Poolman           0  0  0   0  0   1  0  0  0  0  0/0    12:11   0:00   0:00 
Tyler Wotherspoon        0  0  0   1  0   3  2  0  1  1  0/0    27:19   5:10   0:05 
Ville Pokka              0  0  0   0  0   1  0  0  0  0  0/0    12:11   0:00   0:00 
Zach Budish              0  0  0  -1  0   2  2  0  0  0  0/1    22:03   4:47   0:00 

3 Stars

1 - Jamie McGinn (TRO)
2 - Dana Tyrell (Tex)
3 - Jordan Weal (TRO)

Power Play

Thunder - 0 on 1 Attempt(s) - 0.00%
Little Stars - 2 on 8 Attempt(s) - 25.00%

Penalty Kill

Thunder - 6 on 8 Attempt(s) - 75.00% - Score 0 goal in Penalty Kill
Little Stars - 1 on 1 Attempt(s) - 100.00% - Score 0 goal in Penalty Kill

Team Stat

Thunder - Hits : 16 - Faceoff Wins : 30 - Blocked Shots : 7 - Penalty Minutes : 16
Little Stars - Hits : 23 - Faceoff Wins : 33 - Blocked Shots : 7 - Penalty Minutes : 2

Official

Referees : Unknown
Linesman : Unknown

Game Notes

No Game Note

Finance

Level 1 -- Attendance: 1572 (78.60%) -- Ticket Income $55,020
Level 2 -- Attendance: 969 (96.90%) -- Ticket Income $14,535
Total Attendance: 2541 (84.70%)
Total Ticket Income: $69,555
Other Income: $3,478
Total Income: $73,033

Thunder

5 vs 5 Forward 
   Center                   Left Wing                Right Wing               Time % Phy DF OF 
 1 William Karlsson         Dany Roussin             Eric Fehr                40     1   2  2  
 2 Zach Stepan              David Wolf               Austin Wuthrich          30     1   2  2  
 3 Jordan Weal              Jamie McGinn             Austin Poganski          20     1   2  2  
 4 Vincent Dunn             Nikolay Prokhorkin       Eric Fehr                10     1   2  2  

5 vs 5 Defense 
   Defense                  Defense                                           Time % Phy DF OF 
 1 Joey Ryan                Peter Andersson                                   40     1   2  2  
 2 Derek Forbort            Mikko Vainonen                                    30     1   2  2  
 3 Gianluca Curcuruto       Jesper Pettersson                                 20     1   2  2  
 4 Emil Johansson           Mackenze Stewart                                  10     1   2  2  

PowerPlay Forward 
   Center                   Left Wing                Right Wing               Time % Phy DF OF 
 1 William Karlsson         Dany Roussin             Eric Fehr                60     1   2  2  
 2 Zach Stepan              David Wolf               Austin Wuthrich          40     1   2  2  

PowerPlay Defense
   Defense                  Defense                                           Time % Phy DF OF 
 1 Joey Ryan                Peter Andersson                                   60     1   2  2  
 2 Derek Forbort            Mikko Vainonen                                    40     1   2  2  

Penalty Kill 4 Players Forward 
   Center                   Wing                     Time % Phy DF OF 
 1 Eric Fehr                Dany Roussin             60     1   2  2  
 2 William Karlsson         David Wolf               40     1   2  2  

Penalty Kill 4 Players Defense
   Defense                  Defense                  Time % Phy DF OF 
 1 Joey Ryan                Peter Andersson          60     1   2  2  
 2 Derek Forbort            Mikko Vainonen           40     1   2  2  

Penalty Kill - 3 Players Forward 
   Forward                                           Time % Phy DF OF 
 1 Eric Fehr                                         60     1   2  2  
 2 Dany Roussin                                      40     1   2  2  

Penalty Kill - 3 Players Defense
   Defense                  Defense                  Time % Phy DF OF 
 1 Joey Ryan                Peter Andersson          60     1   2  2  
 2 Derek Forbort            Mikko Vainonen           40     1   2  2  

4 vs 4 Forward 
   Center                   Wing                     Time % Phy DF OF 
 1 Eric Fehr                Dany Roussin             60     1   2  2  
 2 William Karlsson         David Wolf               40     1   2  2  

4 vs 4 Defense
   Defense                  Defense                  Time % Phy DF OF 
 1 Joey Ryan                Peter Andersson          60     1   2  2  
 2 Derek Forbort            Mikko Vainonen           40     1   2  2  

Last Minutes Offensive
   Center                   Left Wing                Right Wing               Defense                  Defense                  
   William Karlsson         Dany Roussin             Eric Fehr                Joey Ryan                Peter Andersson          

Last Minutes Defensive
   Center                   Left Wing                Right Wing               Defense                  Defense                  
   William Karlsson         Dany Roussin             Eric Fehr                Joey Ryan                Peter Andersson          

Goaltenders
Starting : Niklas Treutle           
Backup : Jussi Rynnas             

Extra Forwards
Normal : Colby Cave, Michael Schumacher, Artur Gavrus - PP : Colby Cave, Michael Schumacher - PK : Artur Gavrus
Extra Defensemen
Normal : Gianluca Curcuruto, Jesper Pettersson, Emil Johansson - PP : Gianluca Curcuruto - PK : Jesper Pettersson, Emil Johansson
Penalty Shots
Eric Fehr, Dany Roussin, William Karlsson, David Wolf, Jamie McGinn

Scratches
Trevor Lewis (Severed Right Wrist Tendon Injury), Mason McDonald (Healthy)

Little Stars

5 vs 5 Forward 
   Center                   Left Wing                Right Wing               Time % Phy DF OF 
 1 Dana Tyrell              Jesse Joensuu            Zach Budish              40     1   2  2  
 2 Daniel O'regan           Adam Tambellini          Sebastian Wannstrom      30     1   2  2  
 3 Jason Dickinson          Michael Mersch           Daniil Tarasov           20     1   2  2  
 4 Radel Fazleev            Emile Poirier            Justin Auger             10     1   2  2  

5 vs 5 Defense 
   Defense                  Defense                                           Time % Phy DF OF 
 1 Tyler Wotherspoon        Eric Knodel                                       40     1   2  2  
 2 Anton Cederholm          Reece Willcox                                     30     1   2  2  
 3 Tucker Poolman           Ville Pokka                                       20     1   2  2  
 4 Tyler Wotherspoon        Eric Knodel                                       10     1   2  2  

PowerPlay Forward 
   Center                   Left Wing                Right Wing               Time % Phy DF OF 
 1 Dana Tyrell              Jesse Joensuu            Zach Budish              60     0   2  3  
 2 Daniel O'regan           Adam Tambellini          Sebastian Wannstrom      40     0   2  3  

PowerPlay Defense
   Defense                  Defense                                           Time % Phy DF OF 
 1 Tyler Wotherspoon        Eric Knodel                                       60     0   2  3  
 2 Anton Cederholm          Reece Willcox                                     40     0   2  3  

Penalty Kill 4 Players Forward 
   Center                   Wing                     Time % Phy DF OF 
 1 Dana Tyrell              Jesse Joensuu            60     0   3  2  
 2 Adam Tambellini          Zach Budish              40     0   3  2  

Penalty Kill 4 Players Defense
   Defense                  Defense                  Time % Phy DF OF 
 1 Tyler Wotherspoon        Eric Knodel              60     0   3  2  
 2 Anton Cederholm          Reece Willcox            40     0   3  2  

Penalty Kill - 3 Players Forward 
   Forward                                           Time % Phy DF OF 
 1 Dana Tyrell                                       60     0   3  2  
 2 Jesse Joensuu                                     40     0   3  2  

Penalty Kill - 3 Players Defense
   Defense                  Defense                  Time % Phy DF OF 
 1 Tyler Wotherspoon        Eric Knodel              60     0   3  2  
 2 Anton Cederholm          Reece Willcox            40     0   3  2  

4 vs 4 Forward 
   Center                   Wing                     Time % Phy DF OF 
 1 Dana Tyrell              Jesse Joensuu            60     1   2  2  
 2 Adam Tambellini          Zach Budish              40     1   2  2  

4 vs 4 Defense
   Defense                  Defense                  Time % Phy DF OF 
 1 Tyler Wotherspoon        Eric Knodel              60     1   2  2  
 2 Anton Cederholm          Reece Willcox            40     1   2  2  

Last Minutes Offensive
   Center                   Left Wing                Right Wing               Defense                  Defense                  
   Dana Tyrell              Jesse Joensuu            Zach Budish              Tyler Wotherspoon        Eric Knodel              

Last Minutes Defensive
   Center                   Left Wing                Right Wing               Defense                  Defense                  
   Dana Tyrell              Jesse Joensuu            Zach Budish              Tyler Wotherspoon        Eric Knodel              

Goaltenders
Starting : Matt Murray              
Backup : Peter Delmas             

Extra Forwards
Normal : Michael Mersch, Emile Poirier, Daniil Tarasov - PP : Michael Mersch, Emile Poirier - PK : Daniil Tarasov
Extra Defensemen
Normal : Tucker Poolman, Ville Pokka, Anton Cederholm - PP : Tucker Poolman - PK : Ville Pokka, Anton Cederholm
Penalty Shots
Dana Tyrell, Jesse Joensuu, Adam Tambellini, Zach Budish, Daniel O'regan

Scratches
Evgeny Kuznetsov (Severed Right Wrist Tendon Injury), Scott Kosmachuck (Healthy), Shane Gersich (Healthy), Patrick Wiercioch (Herniated Disc Injury), Julien Nantel (Healthy)
Connor Knapp (Healthy), Spencer Martin (Healthy)

% Time on Ice - Thunder

Lines # - Real PCT - Wanted PCT - Time Play
Normal Forward
1 - 34% - 40% - 16:28
2 - 31% - 30% - 14:55
3 - 23% - 20% - 11:22
4 - 12% - 10% - 5:38
Normal Defense
1 - 40% - 40% - 19:32
2 - 29% - 30% - 14:03
3 - 18% - 20% - 8:44
4 - 13% - 10% - 6:04
PP Forward
1 - 100% - 60% - 0:05
2 - 0% - 40% - 0:00
PP Defense
1 - 100% - 60% - 0:05
2 - 0% - 40% - 0:00
PK Forward
1 - 70% - 60% - 7:18
2 - 30% - 40% - 3:10
PK Defense
1 - 56% - 60% - 5:54
2 - 44% - 40% - 4:34
PK3 Forward
1 - 0% - 60%
2 - 0% - 40%
PK3 Defense
1 - 0% - 60%
2 - 0% - 40%
44 Forward
1 - 100% - 60% - 0:07
2 - 0% - 40% - 0:00
44 Defense
1 - 100% - 60% - 0:07
2 - 0% - 40% - 0:00
Last Minute Offensive  - 0:57
Last Minute Defensive  - 0:00
Total
Forward - 60:00
Defense - 60:00

% Time on Ice - Little Stars

Lines # - Real PCT - Wanted PCT - Time Play
Normal Forward
1 - 34% - 40% - 16:31
2 - 26% - 30% - 12:32
3 - 23% - 20% - 11:19
4 - 17% - 10% - 8:00
Normal Defense
1 - 40% - 40% - 19:16
2 - 31% - 30% - 15:12
3 - 25% - 20% - 12:11
4 - 4% - 10% - 1:43
PP Forward
1 - 48% - 60% - 5:04
2 - 52% - 40% - 5:24
PP Defense
1 - 49% - 60% - 5:10
2 - 51% - 40% - 5:18
PK Forward
1 - 100% - 60% - 0:05
2 - 0% - 40% - 0:00
PK Defense
1 - 100% - 60% - 0:05
2 - 0% - 40% - 0:00
PK3 Forward
1 - 0% - 60%
2 - 0% - 40%
PK3 Defense
1 - 0% - 60%
2 - 0% - 40%
44 Forward
1 - 100% - 60% - 0:07
2 - 0% - 40% - 0:00
44 Defense
1 - 100% - 60% - 0:07
2 - 0% - 40% - 0:00
Last Minute Offensive  - 0:00
Last Minute Defensive  - 0:58
Total
Forward - 60:00
Defense - 60:00

Play-by-Play

1st period


0:01 of 1st period - Dana Tyrell wins face-off versus William Karlsson in neutral zone.
0:04 of 1st period - Dany Roussin is hit by Tyler Wotherspoon and loses puck.
0:15 of 1st period - Wrist shot by Jesse Joensuu.
0:15 of 1st period - Deflect By Dana Tyrell.
0:15 of 1st period - Shot Misses the Net.
0:15 of 1st period - Puck is out of play.
0:16 of 1st period - Daniel O'regan wins face-off versus Zach Stepan in Thunder zone.
0:17 of 1st period - Snap shot by Adam Tambellini.
0:17 of 1st period - Deflect By Daniel O'regan.
0:17 of 1st period - Stopped by Niklas Treutle with a rebound.
0:59 of 1st period - Off-side.
1:00 of 1st period - Dana Tyrell wins face-off versus William Karlsson in neutral zone.
1:34 of 1st period - Snap shot by Justin Auger.
1:34 of 1st period - Stopped by Niklas Treutle without a rebound.
1:35 of 1st period - Vincent Dunn wins face-off versus Daniel O'regan in Thunder zone.
2:27 of 1st period - Snap shot by Jason Dickinson.
2:27 of 1st period - Shot Misses the Net.
2:51 of 1st period - Wrist shot by Michael Mersch.
2:51 of 1st period - Shot Misses the Net.
3:47 of 1st period - Jesse Joensuu is hit by David Wolf.
4:38 of 1st period - Minor Penalty to Colby Cave for Roughing.
4:39 of 1st period - Eric Fehr wins face-off versus Zach Budish in Thunder zone.
5:14 of 1st period - Snap shot by Sebastian Wannstrom.
5:14 of 1st period - Shot Misses the Net.
5:49 of 1st period - Dany Roussin is hit by Adam Tambellini and loses puck.
6:08 of 1st period - Wrist shot by Daniel O'regan.
6:08 of 1st period - Stopped by Niklas Treutle with a rebound.
6:38 of 1st period - Penalty to Colby Cave is over, Colby Cave is back on ice.
7:08 of 1st period - Wrist shot by Nikolay Prokhorkin.
7:08 of 1st period - Shot Misses the Net.
7:10 of 1st period - Wrist shot by Peter Andersson.
7:10 of 1st period - Shot Misses the Net.
7:12 of 1st period - Slapshot by Joey Ryan.
7:12 of 1st period - Deflect By Nikolay Prokhorkin.
7:12 of 1st period - Shot Blocked by Anton Cederholm.
7:12 of 1st period - Puck is out of play.
7:13 of 1st period - Dana Tyrell wins face-off versus Zach Stepan in Little Stars zone.
7:38 of 1st period - Daniil Tarasov is hit by Dany Roussin and loses puck.
7:43 of 1st period - Snap shot by William Karlsson.
7:43 of 1st period - Shot Misses the Net.
7:45 of 1st period - Snap shot by Eric Fehr.
7:45 of 1st period - Stopped by Matt Murray without a rebound.
7:46 of 1st period - William Karlsson wins face-off versus Dana Tyrell in Little Stars zone.
7:49 of 1st period - Slapshot by Dany Roussin.
7:49 of 1st period - Stopped by Matt Murray with a rebound.
7:51 of 1st period - Backhand shot by William Karlsson.
7:51 of 1st period - Shot Misses the Net.
7:53 of 1st period - Slapshot by Derek Forbort.
7:53 of 1st period - Deflect By Eric Fehr.
7:53 of 1st period - Shot Misses the Net.
7:53 of 1st period - Puck is out of play.
7:54 of 1st period - William Karlsson wins face-off versus Dana Tyrell in Little Stars zone.
7:59 of 1st period - Snap shot by Eric Fehr.
7:59 of 1st period - Stopped by Matt Murray without a rebound.
8:00 of 1st period - Eric Fehr wins face-off versus Dana Tyrell in Little Stars zone.
8:09 of 1st period - Snap shot by Jesse Joensuu.
8:09 of 1st period - Stopped by Niklas Treutle without a rebound.
8:10 of 1st period - William Karlsson wins face-off versus Dana Tyrell in Thunder zone.
8:33 of 1st period - Slapshot by Dana Tyrell.
8:33 of 1st period - Stopped by Niklas Treutle without a rebound.
8:34 of 1st period - Zach Stepan wins face-off versus Jason Dickinson in Thunder zone.
9:01 of 1st period - Jordan Weal is hit by Zach Budish and loses puck.
9:42 of 1st period - Snap shot by Adam Tambellini.
9:42 of 1st period - Stopped by Niklas Treutle with a rebound.
9:44 of 1st period - Snap shot by Eric Knodel.
9:44 of 1st period - Stopped by Niklas Treutle with a rebound.
9:46 of 1st period - Snap shot by Tyler Wotherspoon.
9:46 of 1st period - Stopped by Niklas Treutle without a rebound.
9:47 of 1st period - Daniel O'regan wins face-off versus William Karlsson in Thunder zone.
9:48 of 1st period - Wrist shot by Adam Tambellini.
9:48 of 1st period - Shot Misses the Net.
9:50 of 1st period - Wrist shot by Sebastian Wannstrom.
9:50 of 1st period - Deflect By Adam Tambellini.
9:50 of 1st period - Stopped by Niklas Treutle with a rebound.
9:54 of 1st period - Slapshot by Adam Tambellini.
9:54 of 1st period - Shot Misses the Net.
9:56 of 1st period - Snap shot by Reece Willcox.
9:56 of 1st period - Shot Blocked by Joey Ryan.
9:58 of 1st period - Wrist shot by Daniel O'regan.
9:58 of 1st period - Shot Misses the Net.
10:00 of 1st period - Wrist shot by Reece Willcox.
10:00 of 1st period - Stopped by Niklas Treutle with a rebound.
10:02 of 1st period - Backhand shot by Reece Willcox.
10:02 of 1st period - Shot Blocked by Eric Fehr.
10:04 of 1st period - Slapshot by Reece Willcox.
10:04 of 1st period - Deflect By Adam Tambellini.
10:04 of 1st period - Shot Blocked by Joey Ryan.
10:04 of 1st period - Puck is out of play.
10:05 of 1st period - Dana Tyrell wins face-off versus Zach Stepan in Thunder zone.
10:18 of 1st period - Wrist shot by David Wolf.
10:18 of 1st period - Stopped by Matt Murray without a rebound.
10:19 of 1st period - Daniel O'regan wins face-off versus William Karlsson in Little Stars zone.
10:19 of 1st period - Daniel O'regan is hit by Eric Fehr.
10:25 of 1st period - Wrist shot by Daniel O'regan.
10:25 of 1st period - Stopped by Niklas Treutle with a rebound.
11:26 of 1st period - Daniil Tarasov is hit by Vincent Dunn and loses puck.
12:14 of 1st period - Snap shot by Daniel O'regan.
12:14 of 1st period - Stopped by Niklas Treutle with a rebound.
12:42 of 1st period - Wrist shot by Emile Poirier.
12:42 of 1st period - Stopped by Niklas Treutle without a rebound.
12:43 of 1st period - Jordan Weal wins face-off versus Jason Dickinson in Thunder zone.
12:52 of 1st period - Wrist shot by Jordan Weal.
12:52 of 1st period - Stopped by Matt Murray without a rebound.
12:53 of 1st period - William Karlsson wins face-off versus Dana Tyrell in Little Stars zone.
13:20 of 1st period - Tyler Wotherspoon is hit by Peter Andersson and loses puck.
14:05 of 1st period - Snap shot by Daniel O'regan.
14:05 of 1st period - Goal by Daniel O'regan - Thunder : 0 - Little Stars : 1.
14:06 of 1st period - Dana Tyrell wins face-off versus William Karlsson in neutral zone.
14:45 of 1st period - Wrist shot by Jamie McGinn.
14:45 of 1st period - Shot Misses the Net.
14:47 of 1st period - Wrist shot by Jamie McGinn.
14:47 of 1st period - Shot Misses the Net.
15:07 of 1st period - Snap shot by Emile Poirier.
15:07 of 1st period - Shot Misses the Net.
15:57 of 1st period - Tyler Wotherspoon is hit by Jamie McGinn and loses puck.
16:18 of 1st period - Wrist shot by Emile Poirier.
16:18 of 1st period - Shot Blocked by Joey Ryan.
16:44 of 1st period - Snap shot by Sebastian Wannstrom.
16:44 of 1st period - Shot Misses the Net.
17:39 of 1st period - Off-side.
17:40 of 1st period - Vincent Dunn wins face-off versus Dana Tyrell in neutral zone.
17:45 of 1st period - Jesse Joensuu is hit by Vincent Dunn.
18:05 of 1st period - Joey Ryan is hit by Sebastian Wannstrom and loses puck.
18:12 of 1st period - David Wolf is hit by Daniel O'regan and loses puck.
18:27 of 1st period - Snap shot by Jamie McGinn.
18:27 of 1st period - Shot Misses the Net.
18:29 of 1st period - Wrist shot by Jordan Weal.
18:29 of 1st period - Shot Blocked by Michael Mersch.
18:31 of 1st period - Backhand shot by Jordan Weal.
18:31 of 1st period - Goal by Jordan Weal - Thunder : 1 - Little Stars : 1.
18:32 of 1st period - William Karlsson wins face-off versus Dana Tyrell in neutral zone.
18:35 of 1st period - Wrist shot by Eric Fehr.
18:35 of 1st period - Deflect By William Karlsson.
18:35 of 1st period - Stopped by Matt Murray without a rebound.
18:36 of 1st period - William Karlsson wins face-off versus Dana Tyrell in Little Stars zone.
18:49 of 1st period - Wrist shot by Dany Roussin.
18:49 of 1st period - Deflect By Eric Fehr.
18:49 of 1st period - Shot Misses the Net.
18:49 of 1st period - Puck is out of play.
18:50 of 1st period - Jesse Joensuu wins face-off versus William Karlsson in Little Stars zone.
18:57 of 1st period - Snap shot by Dana Tyrell.
18:57 of 1st period - Stopped by Niklas Treutle with a rebound.
19:39 of 1st period - Snap shot by Jamie McGinn.
19:39 of 1st period - Goal by Jamie McGinn - Thunder : 2 - Little Stars : 1.
19:40 of 1st period - Dana Tyrell wins face-off versus William Karlsson in neutral zone.
19:44 of 1st period - Off-side.
19:45 of 1st period - Dana Tyrell wins face-off versus William Karlsson in neutral zone.
19:50 of 1st period - William Karlsson is hit by Eric Knodel and loses puck.
Goals for this period are 2 for Thunder vs 1 for Little Stars.
Shots for this period are 8 for Thunder vs 15 for Little Stars.

2nd period


0:01 of 2nd period - Dana Tyrell wins face-off versus William Karlsson in neutral zone.
0:51 of 2nd period - Slapshot by Joey Ryan.
0:51 of 2nd period - Shot Misses the Net.
0:53 of 2nd period - Snap shot by David Wolf.
0:53 of 2nd period - Stopped by Matt Murray with a rebound.
1:12 of 2nd period - Snap shot by Michael Mersch.
1:12 of 2nd period - Stopped by Niklas Treutle with a rebound.
2:05 of 2nd period - Backhand shot by Emile Poirier.
2:05 of 2nd period - Stopped by Niklas Treutle with a rebound.
2:53 of 2nd period - Wrist shot by David Wolf.
2:53 of 2nd period - Stopped by Matt Murray with a rebound.
3:40 of 2nd period - Snap shot by Dany Roussin.
3:40 of 2nd period - Shot Misses the Net.
4:22 of 2nd period - Slapshot by Reece Willcox.
4:22 of 2nd period - Stopped by Niklas Treutle with a rebound.
4:27 of 2nd period - Minor Penalty to Joey Ryan for Hooking.
4:28 of 2nd period - Dana Tyrell wins face-off versus Eric Fehr in Thunder zone.
4:46 of 2nd period - Wrist shot by Jesse Joensuu.
4:46 of 2nd period - Goal by Jesse Joensuu - Thunder : 2 - Little Stars : 2.
4:47 of 2nd period - Dana Tyrell wins face-off versus William Karlsson in neutral zone.
4:52 of 2nd period - Snap shot by Tyler Wotherspoon.
4:52 of 2nd period - Stopped by Niklas Treutle with a rebound.
4:54 of 2nd period - Slapshot by Zach Budish.
4:54 of 2nd period - Shot Misses the Net.
5:12 of 2nd period - Derek Forbort is hit by Tyler Wotherspoon and loses puck.
6:01 of 2nd period - Wrist shot by Radel Fazleev.
6:01 of 2nd period - Stopped by Niklas Treutle with a rebound.
6:03 of 2nd period - Snap shot by Radel Fazleev.
6:03 of 2nd period - Stopped by Niklas Treutle with a rebound.
6:05 of 2nd period - Slapshot by Anton Cederholm.
6:05 of 2nd period - Deflect By Radel Fazleev.
6:05 of 2nd period - Stopped by Niklas Treutle with a rebound.
6:55 of 2nd period - Snap shot by Eric Fehr.
6:55 of 2nd period - Shot Blocked by Sebastian Wannstrom.
7:16 of 2nd period - Michael Mersch is hit by David Wolf and loses puck.
7:57 of 2nd period - Eric Knodel is hit by Joey Ryan and loses puck.
8:21 of 2nd period - Snap shot by William Karlsson.
8:21 of 2nd period - Shot Misses the Net.
8:23 of 2nd period - Slapshot by Peter Andersson.
8:23 of 2nd period - Stopped by Matt Murray without a rebound.
8:24 of 2nd period - David Wolf wins face-off versus Daniel O'regan in Little Stars zone.
8:49 of 2nd period - Derek Forbort is hit by Dana Tyrell and loses puck.
9:18 of 2nd period - Eric Fehr is hit by Jason Dickinson and loses puck.
10:42 of 2nd period - Slapshot by Jesse Joensuu.
10:42 of 2nd period - Stopped by Niklas Treutle with a rebound.
11:01 of 2nd period - Off-side.
11:02 of 2nd period - Jason Dickinson wins face-off versus Eric Fehr in neutral zone.
11:11 of 2nd period - Daniil Tarasov is hit by Vincent Dunn and loses puck.
12:26 of 2nd period - Minor Penalty to Vincent Dunn for Hooking.
12:27 of 2nd period - Dana Tyrell wins face-off versus Eric Fehr in Thunder zone.
13:18 of 2nd period - Dany Roussin is hit by Zach Budish and loses puck.
14:26 of 2nd period - Penalty to Vincent Dunn is over, Vincent Dunn is back on ice.
14:59 of 2nd period - Slapshot by Michael Mersch.
14:59 of 2nd period - Shot Misses the Net.
16:02 of 2nd period - Off-side.
16:03 of 2nd period - Daniel O'regan wins face-off versus Vincent Dunn in neutral zone.
16:22 of 2nd period - Wrist shot by Jesse Joensuu.
16:22 of 2nd period - Stopped by Niklas Treutle with a rebound.
16:24 of 2nd period - Wrist shot by Zach Budish.
16:24 of 2nd period - Shot Misses the Net.
16:26 of 2nd period - Backhand shot by Eric Knodel.
16:26 of 2nd period - Stopped by Niklas Treutle with a rebound.
16:58 of 2nd period - Minor Penalty to Austin Poganski for Hooking.
16:59 of 2nd period - Eric Fehr wins face-off versus Dana Tyrell in Thunder zone.
17:12 of 2nd period - Snap shot by Dana Tyrell.
17:12 of 2nd period - Goal by Dana Tyrell - Thunder : 2 - Little Stars : 3.
17:13 of 2nd period - Dana Tyrell wins face-off versus William Karlsson in neutral zone.
17:16 of 2nd period - Dany Roussin is hit by Dana Tyrell and loses puck.
17:44 of 2nd period - Joey Ryan is hit by Daniel O'regan and loses puck.
18:03 of 2nd period - Snap shot by Jamie McGinn.
18:03 of 2nd period - Stopped by Matt Murray without a rebound.
18:04 of 2nd period - Jordan Weal wins face-off versus Dana Tyrell in Little Stars zone.
18:04 of 2nd period - Jordan Weal is hit by Eric Knodel.
18:06 of 2nd period - Wrist shot by Jamie McGinn.
18:06 of 2nd period - Stopped by Matt Murray with a rebound.
18:08 of 2nd period - Snap shot by Austin Poganski.
18:08 of 2nd period - Shot Blocked by Eric Knodel.
18:10 of 2nd period - Wrist shot by Jamie McGinn.
18:10 of 2nd period - Goal by Jamie McGinn - Thunder : 3 - Little Stars : 3.
18:11 of 2nd period - William Karlsson wins face-off versus Dana Tyrell in neutral zone.
18:20 of 2nd period - Snap shot by Dana Tyrell.
18:20 of 2nd period - Shot Misses the Net.
18:22 of 2nd period - Wrist shot by Dana Tyrell.
18:22 of 2nd period - Shot Misses the Net.
18:24 of 2nd period - Snap shot by Zach Budish.
18:24 of 2nd period - Stopped by Niklas Treutle without a rebound.
18:25 of 2nd period - Dana Tyrell wins face-off versus William Karlsson in Thunder zone.
18:26 of 2nd period - Snap shot by Jesse Joensuu.
18:26 of 2nd period - Shot Misses the Net.
18:28 of 2nd period - Snap shot by Eric Knodel.
18:28 of 2nd period - Deflect By Dana Tyrell.
18:28 of 2nd period - Goal by Dana Tyrell - Thunder : 3 - Little Stars : 4.
18:29 of 2nd period - Dana Tyrell wins face-off versus William Karlsson in neutral zone.
18:33 of 2nd period - Minor Penalty to Mikko Vainonen for Roughing.
18:34 of 2nd period - Eric Fehr wins face-off versus Dana Tyrell in Thunder zone.
18:39 of 2nd period - Snap shot by Eric Fehr.
18:39 of 2nd period - Stopped by Matt Murray with a rebound.
Goals for this period are 1 for Thunder vs 3 for Little Stars.
Shots for this period are 7 for Thunder vs 14 for Little Stars.

3rd period


0:01 of 3rd period - Eric Fehr wins face-off versus Dana Tyrell in neutral zone.
0:10 of 3rd period - Slapshot by Dany Roussin.
0:10 of 3rd period - Stopped by Matt Murray with a rebound.
0:18 of 3rd period - Peter Andersson is hit by Dana Tyrell.
0:33 of 3rd period - Penalty to Mikko Vainonen is over, Mikko Vainonen is back on ice.
0:49 of 3rd period - Wrist shot by Jordan Weal.
0:49 of 3rd period - Shot Misses the Net.
0:51 of 3rd period - Snap shot by Jamie McGinn.
0:51 of 3rd period - Stopped by Matt Murray without a rebound.
0:52 of 3rd period - Jordan Weal wins face-off versus Dana Tyrell in Little Stars zone.
0:53 of 3rd period - Slapshot by Jamie McGinn.
0:53 of 3rd period - Stopped by Matt Murray with a rebound.
0:55 of 3rd period - Wrist shot by Jordan Weal.
0:55 of 3rd period - Shot Misses the Net.
0:57 of 3rd period - Snap shot by Jordan Weal.
0:57 of 3rd period - Deflect By Jamie McGinn.
0:57 of 3rd period - Shot Misses the Net.
0:57 of 3rd period - Puck is out of play.
0:58 of 3rd period - William Karlsson wins face-off versus Dana Tyrell in Little Stars zone.
0:59 of 3rd period - Wrist shot by Eric Fehr.
0:59 of 3rd period - Stopped by Matt Murray with a rebound.
1:01 of 3rd period - Slapshot by Mikko Vainonen.
1:01 of 3rd period - Deflect By Eric Fehr.
1:01 of 3rd period - Stopped by Matt Murray with a rebound.
1:03 of 3rd period - Slapshot by William Karlsson.
1:03 of 3rd period - Shot Misses the Net.
1:13 of 3rd period - Wrist shot by Dany Roussin.
1:13 of 3rd period - Shot Misses the Net.
1:29 of 3rd period - Wrist shot by Jamie McGinn.
1:29 of 3rd period - Stopped by Matt Murray with a rebound.
1:31 of 3rd period - Slapshot by Jordan Weal.
1:31 of 3rd period - Stopped by Matt Murray with a rebound.
1:47 of 3rd period - Snap shot by Sebastian Wannstrom.
1:47 of 3rd period - Stopped by Niklas Treutle with a rebound.
1:53 of 3rd period - Wrist shot by David Wolf.
1:53 of 3rd period - Stopped by Matt Murray without a rebound.
1:54 of 3rd period - William Karlsson wins face-off versus Daniel O'regan in Little Stars zone.
2:28 of 3rd period - Zach Stepan is hit by Michael Mersch and loses puck.
3:21 of 3rd period - Jesse Joensuu is hit by William Karlsson and loses puck.
3:40 of 3rd period - Austin Poganski is hit by Anton Cederholm and loses puck.
4:01 of 3rd period - Snap shot by Eric Fehr.
4:01 of 3rd period - Deflect By Vincent Dunn.
4:01 of 3rd period - Stopped by Matt Murray with a rebound.
4:03 of 3rd period - Snap shot by Joey Ryan.
4:03 of 3rd period - Shot Blocked by Eric Knodel.
4:05 of 3rd period - Snap shot by Joey Ryan.
4:05 of 3rd period - Shot Misses the Net.
4:28 of 3rd period - Minor Penalty to Derek Forbort for Roughing.
4:29 of 3rd period - Dana Tyrell wins face-off versus Eric Fehr in Thunder zone.
5:04 of 3rd period - Snap shot by Daniel O'regan.
5:04 of 3rd period - Stopped by Niklas Treutle without a rebound.
5:05 of 3rd period - William Karlsson wins face-off versus Dana Tyrell in Thunder zone.
5:05 of 3rd period - William Karlsson is hit by Jesse Joensuu.
5:33 of 3rd period - Wrist shot by Sebastian Wannstrom.
5:33 of 3rd period - Shot Misses the Net.
5:35 of 3rd period - Snap shot by Sebastian Wannstrom.
5:35 of 3rd period - Stopped by Niklas Treutle with a rebound.
6:16 of 3rd period - Eric Knodel is hit by William Karlsson and loses puck.
6:28 of 3rd period - Penalty to Derek Forbort is over, Derek Forbort is back on ice.
6:40 of 3rd period - Slapshot by Radel Fazleev.
6:40 of 3rd period - Goal by Radel Fazleev - Thunder : 3 - Little Stars : 5.
6:41 of 3rd period - Dana Tyrell wins face-off versus William Karlsson in neutral zone.
6:44 of 3rd period - William Karlsson is hit by Dana Tyrell.
7:06 of 3rd period - Dany Roussin is hit by Michael Mersch and loses puck.
7:48 of 3rd period - Wrist shot by Zach Stepan.
7:48 of 3rd period - Deflect By Austin Wuthrich.
7:48 of 3rd period - Stopped by Matt Murray without a rebound.
7:49 of 3rd period - Dana Tyrell wins face-off versus Zach Stepan in Little Stars zone.
7:55 of 3rd period - Minor Penalty to David Wolf for High sticking.
7:56 of 3rd period - Dana Tyrell wins face-off versus Eric Fehr in Thunder zone.
9:55 of 3rd period - Penalty to David Wolf is over, David Wolf is back on ice.
10:08 of 3rd period - Wrist shot by Justin Auger.
10:08 of 3rd period - Stopped by Niklas Treutle with a rebound.
10:10 of 3rd period - Snap shot by Tucker Poolman.
10:10 of 3rd period - Stopped by Niklas Treutle without a rebound.
10:11 of 3rd period - Jason Dickinson wins face-off versus Jordan Weal in Thunder zone.
10:33 of 3rd period - Icing by Tucker Poolman.
10:34 of 3rd period - Radel Fazleev wins face-off versus Zach Stepan in Little Stars zone.
10:34 of 3rd period - Radel Fazleev is hit by Peter Andersson.
10:50 of 3rd period - Wrist shot by Radel Fazleev.
10:50 of 3rd period - Stopped by Niklas Treutle without a rebound.
10:51 of 3rd period - William Karlsson wins face-off versus Dana Tyrell in Thunder zone.
11:02 of 3rd period - Wrist shot by Eric Fehr.
11:02 of 3rd period - Stopped by Matt Murray without a rebound.
11:03 of 3rd period - Dany Roussin wins face-off versus Dana Tyrell in Little Stars zone.
11:06 of 3rd period - Snap shot by Eric Fehr.
11:06 of 3rd period - Stopped by Matt Murray with a rebound.
11:12 of 3rd period - Eric Fehr is hit by Dana Tyrell and loses puck.
12:03 of 3rd period - Icing by Derek Forbort.
12:04 of 3rd period - Dana Tyrell wins face-off versus Jordan Weal in Thunder zone.
12:17 of 3rd period - Off-side.
12:18 of 3rd period - William Karlsson wins face-off versus Dana Tyrell in neutral zone.
12:43 of 3rd period - Joey Ryan is hit by Jason Dickinson and loses puck.
12:51 of 3rd period - Off-side.
12:52 of 3rd period - Jesse Joensuu wins face-off versus Zach Stepan in neutral zone.
12:55 of 3rd period - Slapshot by Reece Willcox.
12:55 of 3rd period - Shot Blocked by David Wolf.
12:59 of 3rd period - Snap shot by Jesse Joensuu.
12:59 of 3rd period - Stopped by Niklas Treutle without a rebound.
13:00 of 3rd period - Dana Tyrell wins face-off versus Zach Stepan in Thunder zone.
13:11 of 3rd period - Wrist shot by Jesse Joensuu.
13:11 of 3rd period - Deflect By Zach Budish.
13:11 of 3rd period - Stopped by Niklas Treutle without a rebound.
13:12 of 3rd period - Dana Tyrell wins face-off versus William Karlsson in Thunder zone.
13:21 of 3rd period - Snap shot by Jesse Joensuu.
13:21 of 3rd period - Shot Misses the Net.
13:23 of 3rd period - Slapshot by Tyler Wotherspoon.
13:23 of 3rd period - Stopped by Niklas Treutle with a rebound.
13:25 of 3rd period - Snap shot by Eric Knodel.
13:25 of 3rd period - Deflect By Jesse Joensuu.
13:25 of 3rd period - Shot Misses the Net.
13:25 of 3rd period - Puck is out of play.
13:26 of 3rd period - Eric Fehr wins face-off versus Dana Tyrell in Thunder zone.
13:26 of 3rd period - Eric Fehr is hit by Jesse Joensuu.
14:43 of 3rd period - Wrist shot by Eric Fehr.
14:43 of 3rd period - Shot Misses the Net.
14:45 of 3rd period - Wrist shot by Dany Roussin.
14:45 of 3rd period - Stopped by Matt Murray without a rebound.
14:46 of 3rd period - Jesse Joensuu wins face-off versus Austin Wuthrich in Little Stars zone.
14:59 of 3rd period - Snap shot by Dana Tyrell.
14:59 of 3rd period - Shot Misses the Net.
15:01 of 3rd period - Wrist shot by Zach Budish.
15:01 of 3rd period - Shot Misses the Net.
15:11 of 3rd period - Michael Mersch is hit by William Karlsson.
15:37 of 3rd period - Wrist shot by Jamie McGinn.
15:37 of 3rd period - Stopped by Matt Murray with a rebound.
15:39 of 3rd period - Wrist shot by Jamie McGinn.
15:39 of 3rd period - Stopped by Matt Murray with a rebound.
15:41 of 3rd period - Snap shot by Austin Poganski.
15:41 of 3rd period - Shot Misses the Net.
16:32 of 3rd period - Wrist shot by Eric Knodel.
16:32 of 3rd period - Shot Misses the Net.
16:48 of 3rd period - Slapshot by Jordan Weal.
16:48 of 3rd period - Shot Blocked by Reece Willcox.
16:50 of 3rd period - Snap shot by Austin Poganski.
16:50 of 3rd period - Shot Blocked by Anton Cederholm.
16:52 of 3rd period - Slapshot by Gianluca Curcuruto.
16:52 of 3rd period - Shot Misses the Net.
17:43 of 3rd period - Slapshot by Jesse Joensuu.
17:43 of 3rd period - Stopped by Niklas Treutle with a rebound.
17:45 of 3rd period - Snap shot by Zach Budish.
17:45 of 3rd period - Shot Blocked by Derek Forbort.
17:47 of 3rd period - Slapshot by Ville Pokka.
17:47 of 3rd period - Shot Misses the Net.
17:49 of 3rd period - Wrist shot by Ville Pokka.
17:49 of 3rd period - Stopped by Niklas Treutle without a rebound.
17:50 of 3rd period - Jason Dickinson wins face-off versus Jamie McGinn in Thunder zone.
18:07 of 3rd period - Tucker Poolman is hit by Jamie McGinn and loses puck.
18:20 of 3rd period - Snap shot by Zach Budish.
18:20 of 3rd period - Shot Blocked by Derek Forbort.
18:26 of 3rd period - Wrist shot by Nikolay Prokhorkin.
18:26 of 3rd period - Shot Misses the Net.
18:28 of 3rd period - Snap shot by Eric Fehr.
18:28 of 3rd period - Deflect By Nikolay Prokhorkin.
18:28 of 3rd period - Goal by Nikolay Prokhorkin - Thunder : 4 - Little Stars : 5.
18:29 of 3rd period - Vincent Dunn wins face-off versus Jason Dickinson in neutral zone.
18:56 of 3rd period - Eric Knodel is hit by Dany Roussin and loses puck.
19:08 of 3rd period - Thunder, Niklas Treutle is pulled from the net.
19:17 of 3rd period - Wrist shot by William Karlsson.
19:17 of 3rd period - Stopped by Matt Murray with a rebound.
19:19 of 3rd period - Wrist shot by William Karlsson.
19:19 of 3rd period - Stopped by Matt Murray with a rebound.
19:21 of 3rd period - Slapshot by Dany Roussin.
19:21 of 3rd period - Stopped by Matt Murray without a rebound.
19:22 of 3rd period - Lanne MacDonald call a timeout for Thunder.
19:22 of 3rd period - William Karlsson wins face-off versus Dana Tyrell in Little Stars zone.
19:42 of 3rd period - Slapshot by William Karlsson.
19:42 of 3rd period - Stopped by Matt Murray with a rebound.
19:44 of 3rd period - Snap shot by Joey Ryan.
19:44 of 3rd period - Stopped by Matt Murray without a rebound.
19:45 of 3rd period - William Karlsson wins face-off versus Dana Tyrell in Little Stars zone.
19:47 of 3rd period - Minor Penalty to Jesse Joensuu for Hooking.
19:48 of 3rd period - Dana Tyrell wins face-off versus William Karlsson in Little Stars zone.
19:52 of 3rd period - Minor Penalty to Dany Roussin for Hooking.
19:53 of 3rd period - Niklas Treutle from Thunder was sent back in the game.
19:53 of 3rd period - Eric Fehr wins face-off versus Dana Tyrell in Thunder zone.
19:53 of 3rd period - Eric Fehr is hit by Dana Tyrell.
19:59 of 3rd period - Thunder, Niklas Treutle is pulled from the net.
Goals for this period are 1 for Thunder vs 1 for Little Stars.
Shots for this period are 21 for Thunder vs 12 for Little Stars.